 Dungeon Crawl Stone Soup version 0.20-a0-1062-g7b787ac (webtiles) character file.

546280 FastMan the Slayer (level 24, -16/258 HPs)
             Began as a Deep Dwarf Fighter on Apr 27, 2017.
             Was the Champion of Makhleb.
             Killed from afar by an orb of fire (42 damage)
             ... with a fireball
             ... on level 5 of the Realm of Zot on Apr 28, 2017.
             The game lasted 00:57:56 (32832 turns).

FastMan the Slayer (Deep Dwarf Fighter)            Turns: 32832, Time: 00:57:56

Health: -16/258    AC: 42    Str: 31    XL:     24   Next: 90%
Magic:  1/1        EV: 22    Int:  9    God:    Makhleb [******]
Gold:   1273       SH: 18    Dex: 19    Spells: 23/23 levels left

rFire    + . .     SeeInvis .   a - +5 broad axe (vamp)
rCold    + . .     Gourm    .   P - +3 shield {rC+}
rNeg     + . .     Faith    .   J - +14 plate armour "Ewucabb" {Str+3 Stlth+}
rPois    .         Spirit   .   e - +0 helmet
rElec    .         Reflect  .   q - +2 cloak {+Inv}
rCorr    .         Harm     +   B - +0 pair of gloves
MR       +++..                  L - +0 pair of boots {Fly}
Stlth    ..........             M - amulet of harm
Regen    0.0/turn               f - ring of protection from fire
MPRegen  0.1/turn               x - +2 ring of slaying

@: mighty, flying, non-regenerating, drained
A: damage resistance, heal wounds, dopey 1, low mp 1, mutation resistance 1,
negative energy resistance 1, sense surroundings 3, subdued magic 1, no
regeneration
}: 3/15 runes: barnacled, silver, gossamer
a: Heal Wounds, Minor Destruction, Lesser Servant of Makhleb, Major Destruction,
Greater Servant of Makhleb, Renounce Religion, Evoke Invisibility, Stop Flying


You were on level 5 of the Realm of Zot.
You worshipped Makhleb.
Makhleb was exalted by your worship.
You were very full.

You visited 7 branches of the dungeon, and saw 44 of its levels.
You visited the Abyss 1 time.

You collected 3871 gold pieces.
You spent 2598 gold pieces at shops.

Inventory:

Hand Weapons
 a - a +5 vampiric broad axe (weapon)
Armour
 e - a +0 helmet (worn)
 q - a +2 cloak of invisibility (worn)
 B - a +0 pair of gloves (worn)
 H - a +4 plate armour of fire resistance
 J - the +14 plate armour "Ewucabb" (worn) {Str+3 Stlth+}
   (You found it on level 13 of the Dungeon)

   It affects your strength (+3).
   It makes you more stealthy.
 L - a +0 pair of boots of flying (worn)
 P - a +3 shield of cold resistance (worn)
Jewellery
 f - a ring of protection from fire (left hand)
 p - a +3 ring of protection
 r - an uncursed ring of resist corrosion
 x - a +2 ring of slaying (right hand)
 K - the ring of Ipteg {-Tele rC++ MP+9 Dex+3}
   (You took it off a yaktaur on level 3 of the Vaults)

   [ring of magical power]

   It affects your dexterity (+3).
   It greatly protects you from cold.
   It affects your magic capacity (+9).
   It prevents most forms of teleportation.
 M - an amulet of harm (around neck)
Scrolls
 h - 19 scrolls of remove curse {@r2}
 i - 3 scrolls of fog
 n - 4 scrolls of fear
 t - 14 scrolls of identify {@r1}
 v - a scroll of summoning
 y - 11 scrolls of teleportation {@r3}
 F - a scroll of silence
 G - a scroll of magic mapping
 N - a scroll of blinking {@r4}
Potions
 b - 5 potions of curing {@q1}
 c - 3 potions of ambrosia
 d - 2 potions of magic
 k - 4 potions of mutation
 l - 3 potions of agility {@q5}
 z - 7 potions of lignification
 A - 7 potions of flight
 E - a potion of cancellation
 O - 3 potions of brilliance {@q6}
Comestibles
 g - 4 chunks of flesh
 j - 24 meat rations {@e2}
 s - 17 royal jellies {@e3}
 D - 39 fruits {@e4}
 I - 8 bread rations {@e1}


   Skills:
 * Level 23.5(22.8) Fighting
 - Level 18.3(17.6) Axes
 + Level 20.8(20.1) Armour
 + Level 19.0(18.3) Dodging
 - Level 15.0(14.3) Shields
 - Level 13.5(12.9) Invocations


You had 23 spell levels left.
You didn't know any spells.

Dungeon Overview and Level Annotations

Branches:
Dungeon (15/15)            Temple (0/1) D:6            Lair (6/6) D:10
 Shoals (4/4) Lair:2       Spider (4/4) Lair:2        Slime (0/5) Lair:6
    Orc (0/2) D:11         Vaults (5/5) D:13          Crypt (0/3) Vaults:2
 Depths (5/5) D:15            Zot (5/5) Depths:5

Altars:
Ashenzari
Cheibriados
Dithmenos
Fedhas
Hepliaklqana
Makhleb
Okawaru
Qazlal
Ru
Vehumet
Wu Jian
The Shining One

Shops:
D:7 }   D:13 [   Shoals:1 ***   Vaults:2 ?   Vaults:4 :   Zot:4 *   Depths:4 [
Depths:5 !(*%}

Portals:
Hell: Depths:4 Depths:5
Abyss: Depths:4
Pandemonium: Depths:3
Ziggurat: Depths:4
Trove: D:13 (give horn of Geryon)

Annotations:
D:4 smeego's ghost, novice GnCj
D:5 Prince Ribbit
D:10 1 runed door
Lair:1 exclusion: oklob plant
Spider:3 exclusion: ice statue, Kirke
Depths:1 Mara
Depths:3 4 exclusions
Depths:4 exclusions: angel, daeva and 3 more exclusions
Zot:5 exclusion: orange crystal statue


Innate Abilities, Weirdness & Mutations

You are resistant to damage.
You can heal yourself by infusing magical energy.
You resist negative energy. (rN+)
You passively map a large area around you.
You do not regenerate.
You are dopey. (Int -2)
Your magical capacity is low. (-10% MP)
You are somewhat resistant to further mutation.
Your spells are a little easier to cast, but a little less powerful.


Message History

The orb of fire completely resists.
The bolt of negative energy hits you! You partially resist.
You feel drained.
* * * LOW HITPOINT WARNING * * *
Unknown command.
You feel much better.
The orb of fire emits a lurid red light.
The fireball explodes!
The fireball engulfs you! You resist.
* * * LOW HITPOINT WARNING * * *
The fireball engulfs the orb of fire.
The orb of fire completely resists.
The Tzitzimitl calls on the powers of darkness!
Your body is wracked with pain!
* * * LOW HITPOINT WARNING * * *
Unknown command.
Your blink will be uncontrolled - continue anyway?
The Orb prevents control of your translocation!
You blink.
As you read the scroll of blinking {@r4}, it crumbles to dust.
The orb of fire glows yellow.
The fireball explodes!
The fireball engulfs you! You resist.
You die...

###******* *#######.########
,,,,,,,,,** *...............#
..........## *#.............#*
...........## #......)......# *
............# ##...........## *
............# #.^.........# *
..(.........# ##...........## *
............# #.............# *
..........))# ##@............## *
.^..........###...............##*
.....^.....###...###########...##
k.(......1##.÷..## ##....
.....)..1{.*..### ###..
8##▓▓▓▓▓▓▓▓▓▓▓# #▓▓
,,,,,,,,,,**** **
,,,,,,,,,,,,,*** ***,
,,,,,,,,,,,,,,,** **,,,


You could see an orb of fire.

Vanquished Creatures
  4 ancient liches
  3 orbs of fire
  Sojobo (Depths:5)
  Boris (Depths:3)
  Saint Roka (Depths:1)
  3 Killer Klowns (Zot:5)
  Frederick (Depths:3)
  2 curse toes
  4 golden dragons
  2 electric golems
  2 liches
  11 tentacled monstrosities
  3 titans
  9 Orb Guardians (Zot:5)
  3 death cobs
  7 quicksilver dragons
  3 sphinxes
  4 shadow dragons
  8 storm dragons
  Donald (Vaults:4)
  7 tengu reavers
  A draconian monk (Depths:5)
  18 vault wardens
  11 frost giants
  4 fire giants
  2 draconian knights
  6 ghost moths
  4 deep elf sorcerers
  A draconian scorcher (Depths:5)
  4 draconian stormcallers
  5 emperor scorpions (Spider:4)
  Louise (Depths:4)
  A draconian shifter (Zot:3)
  An iron dragon (Depths:4)
  15 ironheart preservers
  2 draconian annihilators
  2 entropy weavers
  12 very ugly things
  2 war gargoyles (Zot:4)
  11 stone giants
  2 vampire knights (Depths:5)
  A purple draconian (Zot:5)
  8 black draconians
  5 white draconians
  3 deep elf annihilators
  4 yellow draconians
  6 green draconians
  5 dire elephants (Lair:6)
  4 spark wasps
  5 red draconians
  6 merfolk javelineers
  12 ettins
  2 deep elf death magi (Vaults:4)
  The ghost of GoodGuyCisco the Thaumaturge, a journeyman DrVM of Vehumet (Lair:2)
  5 merfolk impalers
  2 deep elf high priests
  16 fire dragons
  3 jiangshi
  14 yaktaur captains
  6 great orbs of eyes
  5 rakshasas
  6 hydras
  6 ice dragons
  Harold (Lair:4)
  27 vault guards
  8 centaur warriors
  2 spriggan air magi
  A two-headed ogre (shapeshifter) (D:14)
  An alligator snapping turtle (Shoals:2)
  4 large abominations
  35 two-headed ogres
  4 death yaks (Lair:5)
  3 satyrs
  3 merfolk aquamancers
  4 tengu warriors
  8 deep troll shamans
  Erica (D:9)
  3 merfolk avatars
  3 death knights
  A vampire mage (Depths:1)
  Urug (D:14)
  10 ogre magi
  3 deep troll earth magi
  5 spriggan berserkers
  6 deep elf knights
  Sonja (D:15)
  2 small abominations (Vaults:5)
  3 iron trolls
  A titan skeleton (Depths:3)
  2 storm dragon zombies
  A shadow wraith (Vaults:4)
  15 hell knights
  A fire crab (shapeshifter) (Vaults:3)
  A skeletal warrior (Vaults:4)
  2 unseen horrors
  4 sea snakes
  A glowing orange brain (shapeshifter) (Depths:5)
  7 deep elf archers
  7 glowing orange brains
  25 deep trolls
  An entropy weaver zombie (Vaults:1)
  3 wizards
  A flayed ghost (Vaults:4)
  2 wolf spider zombies
  8 orc knights
  Pikel (D:5)
  8 necromancers
  25 harpies
  8 ironbrand convokers
  9 orb spiders
  A golden dragon skeleton (Depths:3)
  4 phantasmal warriors
  An oklob plant (Lair:4)
  27 wolf spiders
  17 deep elf magi
  22 fauns
  13 moths of wrath
  A human skeleton (Vaults:3)
  38 ugly things
  6 cyclopes
  11 elephants
  The ghost of hellotanjent the Shield-Bearer, a novice GrFi of Ashenzari (D:5)
  2 manticores (shapeshifter)
  12 manticores
  12 merfolk sirens
  A guardian serpent (shapeshifter) (D:15)
  An elephant (shapeshifter) (Vaults:4)
  A black mamba (shapeshifter) (Depths:2)
  A black mamba (Lair:3)
  16 vault sentinels
  7 water nymphs
  10 spiny frogs
  3 gargoyles
  4 komodo dragons
  52 yaktaurs
  A yaktaur (shapeshifter) (D:15)
  8 demonic crawlers
  11 freezing wraiths
  A komodo dragon (shapeshifter) (D:14)
  2 efreet (D:14)
  3 tengu conjurers
  A catoblepas skeleton (Abyss:5)
  A human zombie (Vaults:3)
  20 merfolk
  A wind drake (Shoals:1)
  A meliai (shapeshifter) (Vaults:5)
  2 jumping spiders (shapeshifter)
  8 trolls
  A harpy skeleton (D:15)
  A polar bear (Lair:3)
  11 jumping spiders
  5 snapping turtles
  13 hornets
  15 blink frogs
  Grinder (D:5)
  A dream sheep (shapeshifter) (Depths:3)
  20 slime creatures
  12 dream sheep
  8 hippogriffs
  A hippogriff (shapeshifter) (D:14)
  4 air elementals
  3 shadows
  A centaur simulacrum (D:14)
  31 redbacks
  3 spriggans
  4 vampires
  3 wyverns
  9 wraiths
  64 yaks
  19 water elementals
  20 tarantellas
  A wyvern (shapeshifter) (Vaults:2)
  Sigmund (D:3)
  2 basilisks (Lair:6)
  A steam dragon (D:9)
  10 vampire mosquitoes
  Grum (Lair:1)
  A human simulacrum (Vaults:5)
  A soldier ant (shapeshifter) (D:15)
  5 wargs
  Duvessa (D:4)
  A soldier ant (D:10)
  3 acid dragons
  7 porcupines
  18 water moccasins
  2 elf zombies
  4 sky beasts
  24 orc warriors
  An eye of draining (shapeshifter) (Depths:4)
  A necrophage (D:14)
  2 black bears
  4 ice beasts
  26 ogres
  4 boggarts
  9 wolves
  13 centaurs
  12 crocodiles
  An elf skeleton (Vaults:3)
  A big kobold (D:9)
  13 bullfrogs
  An ogre simulacrum (Vaults:1)
  5 scorpions
  Dowan (D:4)
  9 killer bees
  5 wights
  5 howler monkeys
  3 electric eels
  8 crimson imps
  6 centaur zombies
  A bullfrog zombie (D:11)
  A quasit (D:7)
  2 centaur skeletons
  4 hounds
  21 jellies
  7 orc priests
  Jessica (D:2)
  2 iguanas
  6 orc wizards
  9 worker ants
  A hound zombie (D:11)
  Robin (D:4)
  10 adders
  3 shadow imps
  An ooze (Lair:6)
  An adder zombie (D:9)
  A worm (D:4)
  A dart slug (D:1)
  4 leopard geckos
  51 orcs
  13 goblins
  10 hobgoblins
  4 jackals (D:3)
  4 kobolds
  2 quokkas
  3 bats
  4 frilled lizards
  A leopard gecko zombie (D:6)
  A quokka zombie (D:7)
  6 rats
  A crawling corpse (Vaults:5)
  8 fungi
  14 plants
1569 creatures vanquished.

Vanquished Creatures (collateral kills)
  2 orbs of fire (Zot:5)
  Arachne (Spider:2)
  An emperor scorpion (Spider:4)
  3 entropy weavers
  A spark wasp (Spider:4)
  Josephine (Lair:6)
  An anaconda (Lair:6)
  5 hydras
  2 death yaks (Lair:5)
  2 fauns (Shoals:4)
  7 orb spiders
  2 elephants
  A komodo dragon (Lair:5)
  3 jumping spiders
  2 hornets (Spider:4)
  A polar bear (Lair:5)
  A blink frog (Lair:6)
  3 redbacks (Spider:2)
  3 tarantellas
  A porcupine (Lair:5)
  A crocodile (Lair:6)
  A jelly (Lair:6)
  4 plants
49 creatures vanquished.

Vanquished Creatures (others)
  An orb of fire (Zot:2)
  A draconian knight (Zot:5)
  A ghost moth (Zot:5)
  A deep elf annihilator (Vaults:5)
  An ettin (Vaults:5)
  3 vault guards (Vaults:5)
  A satyr (Shoals:4)
  A deep elf archer (Vaults:1)
  3 moths of wrath (Zot:5)
  A yaktaur (Vaults:5)
  A slime creature (Depths:1)
  A redback (Spider:3)
  A tarantella (Spider:4)
  A water elemental (Shoals:2)
  An eye of draining (D:14)
  14 fungi
  13 plants
46 creatures vanquished.

Grand Total: 1664 creatures vanquished

Notes
Turn   | Place    | Note
-------+----------+-------------------------------------------
     0 | D:1      | FastMan the Deep Dwarf Fighter began the quest for the Orb.
     0 | D:1      | Reached XP level 1. HP: 20/20 MP: 1/1
   114 | D:1      | Reached XP level 2. HP: 27/27 MP: 2/2
   223 | D:1      | Reached skill level 3 in Fighting
   321 | D:2      | Found an ornate altar of the Wu Jian Council.
   458 | D:2      | Reached XP level 3. HP: 20/34 MP: 3/3
   562 | D:2      | Found a sacrificial altar of Ru.
   756 | D:2      | Noticed Jessica
   761 | D:2      | Killed Jessica
   761 | D:2      | Reached XP level 4. HP: 17/42 MP: 4/4
   923 | D:3      | Noticed Sigmund
   934 | D:3      | Killed Sigmund
   934 | D:3      | Reached skill level 4 in Fighting
   934 | D:3      | Reached skill level 5 in Axes
   934 | D:3      | Reached XP level 5. HP: 45/50 MP: 5/5
  1218 | D:3      | Found a radiant altar of Vehumet.
  1225 | D:3      | Found a sacrificial altar of Ru.
  1225 | D:3      | Found a shadowy altar of Dithmenos.
  1462 | D:4      | Noticed Robin
  1463 | D:4      | Noticed Dowan
  1473 | D:4      | Reached XP level 6. HP: 35/57 MP: 6/6
  1476 | D:4      | Noticed Duvessa
  1477 | D:4      | Killed Robin
  1481 | D:4      | Killed Dowan
  1507 | D:4      | Killed Duvessa
  1632 | D:4      | Reached XP level 7. HP: 35/66 MP: 5/5
  2014 | D:4      | Found a burning altar of Makhleb.
  2070 | D:4      | Became a worshipper of Makhleb the Destroyer
  2114 | D:4      | Noticed smeego's ghost (novice GnCj)
  2251 | D:5      | Entered Level 5 of the Dungeon
  2251 | D:5      | Noticed Pikel
  2278 | D:5      | Killed Pikel
  2278 | D:5      | Reached skill level 5 in Fighting
  2377 | D:5      | Reached XP level 8. HP: 41/75 MP: 5/5
  2422 | D:5      | Noticed hellotanjent's ghost (novice GrFi)
  2457 | D:5      | Killed hellotanjent's ghost
  2457 | D:5      | Reached skill level 6 in Fighting
  2471 | D:5      | Found a hazy altar of Hepliaklqana.
  2518 | D:5      | Noticed Prince Ribbit
  2629 | D:5      | Noticed Grinder
  2666 | D:5      | Paralysed by Grinder for 3 turns
  2685 | D:5      | Paralysed by Grinder for 7 turns
  2693 | D:5      | Killed Grinder
  2693 | D:5      | Reached skill level 10 in Axes
  2919 | D:5      | Found a blossoming altar of Fedhas.
  2927 | D:5      | Gained mutation: You passively map the area around you. [Deep Dwarf growth]
  2927 | D:5      | Reached XP level 9. HP: 49/85 MP: 3/3
  3095 | D:6      | Found a staircase to the Ecumenical Temple.
  3248 | D:6      | Reached * piety under Makhleb
  3281 | D:7      | Found a shattered altar of Ashenzari.
  3322 | D:7      | Found a stormy altar of Qazlal.
  3428 | D:7      | Reached skill level 7 in Fighting
  3487 | D:7      | Found Ocyfuargh's Gadget Shop.
  5020 | D:8      | Noticed a two-headed ogre
  5130 | D:8      | Killed a two-headed ogre
  5130 | D:8      | Reached skill level 8 in Fighting
  5130 | D:8      | Reached XP level 10. HP: 45/96 MP: 2/2
  5587 | D:9      | Reached ** piety under Makhleb
  5587 | D:9      | Reached skill level 1 in Invocations
  5710 | D:9      | Noticed Erica
  5743 | D:9      | Killed Erica
  6093 | D:9      | Reached skill level 5 in Armour
  6241 | D:10     | Entered Level 10 of the Dungeon
  6370 | D:10     | Reached XP level 11. HP: 87/104 MP: 5/5
  6372 | D:10     | Reached skill level 9 in Fighting
  6376 | D:10     | Reached *** piety under Makhleb
  6376 | D:10     | Reached skill level 5 in Invocations
  6457 | D:10     | Found a staircase to the Lair.
  6598 | D:10     | Found a runed door.
  6608 | D:10     | Noticed a sixfirhy
  7059 | Lair:1   | Entered Level 1 of the Lair of Beasts
  7140 | Lair:1   | Reached **** piety under Makhleb
  7199 | Lair:1   | Noticed Grum
  7202 | Lair:1   | Reached skill level 15 in Axes
  7220 | Lair:1   | Killed Grum
  7447 | Lair:1   | Noticed an oklob plant
  7523 | Lair:1   | Got a pair of polished boots
  7534 | Lair:1   | Identified the +0 pair of boots of Analysis {-Tele rElec SInv} (You found it on level 1 of the Lair of Beasts)
  7636 | Lair:1   | Reached XP level 12. HP: 116/116 MP: 7/7
  7977 | Lair:1   | Got an ichor-stained hand axe
  7981 | Lair:1   | Identified the +7 hand axe "Hiud" {chop, rElec rPois} (You found it on level 1 of the Lair of Beasts)
  8010 | Lair:2   | Found a hole to the Spider Nest.
  8042 | Lair:2   | Noticed GoodGuyCisco's ghost (journeyman DrVM)
  8090 | Lair:2   | Killed GoodGuyCisco's ghost
  8090 | Lair:2   | Reached skill level 10 in Fighting
  8183 | Lair:2   | Found a staircase to the Shoals.
  8252 | Lair:2   | Reached skill level 5 in Shields
  8842 | Lair:3   | Identified a scroll of acquirement
  8949 | Lair:3   | Reached ***** piety under Makhleb
  9333 | Lair:4   | Noticed Harold
  9359 | Lair:4   | Killed Harold
  9359 | Lair:4   | Reached XP level 13. HP: 124/124 MP: 8/8
 10538 | Lair:5   | Reached skill level 11 in Fighting
 10538 | Lair:5   | Reached skill level 10 in Armour
 11053 | Lair:6   | Entered Level 6 of the Lair of Beasts
 11169 | Lair:6   | Noticed Josephine
 11256 | Lair:4   | You fall through a shaft for 2 floors!
 11542 | Lair:6   | Found a staircase to the Slime Pits.
 11738 | Lair:6   | Killed Josephine
 11747 | Lair:6   | Gained mutation: You resist negative energy. (rN+) [Deep Dwarf growth]
 11747 | Lair:6   | Reached XP level 14. HP: 121/135 MP: 4/4
 11753 | Lair:6   | Reached skill level 10 in Shields
 12338 | Spider:1 | Entered Level 1 of the Spider Nest
 12541 | Spider:1 | You fall through a shaft!
 12817 | Spider:2 | Noticed Arachne
 12836 | Spider:2 | Killed Arachne
 13094 | Spider:3 | Noticed an entropy weaver
 13117 | Spider:3 | Killed an entropy weaver
 13301 | Spider:3 | Noticed an entropy weaver
 13380 | Spider:3 | Killed an entropy weaver
 14049 | Spider:3 | Reached skill level 12 in Fighting
 14143 | Spider:3 | Noticed Kirke
 14432 | Spider:3 | Reached XP level 15. HP: 74/144 MP: 6/6
 14441 | Spider:4 | Entered Level 4 of the Spider Nest
 14566 | Spider:4 | Killed a ghost moth
 15107 | Spider:4 | Killed a ghost moth
 15268 | Spider:4 | Reached skill level 13 in Fighting
 15466 | Spider:4 | Killed a ghost moth
 15470 | Spider:4 | Got a gossamer rune of Zot
 15702 | Shoals:1 | Entered Level 1 of the Shoals
 15702 | Shoals:1 | Found Lerog's General Store.
 15708 | Shoals:1 | Bought a potion of curing for 36 gold pieces
 15708 | Shoals:1 | Bought a scroll of magic mapping for 42 gold pieces
 15728 | Shoals:1 | Found Bajan's Assorted Antiques.
 15780 | Shoals:1 | Bought a scroll of teleportation for 99 gold pieces
 15780 | Shoals:1 | Bought a potion of curing for 99 gold pieces
 15780 | Shoals:1 | Bought a potion of curing for 99 gold pieces
 15780 | Shoals:1 | Bought a granite ring for 165 gold pieces
 15780 | Shoals:1 | Bought a scroll of teleportation for 99 gold pieces
 15780 | Shoals:1 | Bought a scroll of teleportation for 99 gold pieces
 16029 | Shoals:1 | Found Vuqugrei's Assorted Antiques.
 16037 | Shoals:1 | Bought a shiny shield for 247 gold pieces
 16037 | Shoals:1 | Bought a pair of glowing boots for 247 gold pieces
 16355 | Shoals:2 | Reached XP level 16. HP: 92/157 MP: 6/6
 16451 | Shoals:2 | Reached skill level 10 in Invocations
 17066 | Shoals:3 | Reached skill level 1 in Dodging
 17376 | Shoals:4 | Entered Level 4 of the Shoals
 17453 | Shoals:4 | Got a scorched plate armour
 17454 | Shoals:4 | Identified the +11 plate armour of Integrity {rF- Int+3 Dex+4} (You found it on level 4 of the Shoals)
 17459 | Shoals:4 | Reached skill level 15 in Shields
 17459 | Shoals:4 | Reached XP level 17. HP: 165/165 MP: 6/8
 17571 | Shoals:4 | Reached skill level 14 in Fighting
 17781 | Shoals:4 | Reached skill level 5 in Dodging
 17995 | Shoals:4 | Got a barnacled rune of Zot
 18557 | D:11     | Found a staircase to the Orcish Mines.
 19187 | D:12     | Found a large runed door.
 19190 | D:12     | Found a large runed door.
 19344 | D:12     | Gained mutation: You passively map a large area around you. [Deep Dwarf growth]
 19344 | D:12     | Reached XP level 18. HP: 167/176 MP: 8/8
 19350 | D:12     | Found an ornate altar of the Wu Jian Council.
 19353 | D:12     | Found a snail-covered altar of Cheibriados.
 19956 | D:13     | Identified the +14 plate armour "Ewucabb" {Str+3 Stlth+} (You found it on level 13 of the Dungeon)
 20078 | D:13     | Found a portal to a secret trove of treasure.
 20251 | D:13     | Reached ****** piety under Makhleb
 20348 | D:13     | Found Noeduan's Antique Armour Boutique.
 20356 | D:13     | Bought a runed shield for 285 gold pieces
 20467 | D:13     | Found a gate to the Vaults.
 21016 | D:14     | Noticed Urug
 21026 | D:14     | Killed Urug
 21053 | D:14     | Reached skill level 15 in Fighting
 21399 | D:15     | Entered Level 15 of the Dungeon
 21465 | D:15     | Found a shadowy altar of Dithmenos.
 21487 | D:15     | Found an iron altar of Okawaru.
 21707 | D:15     | Noticed Sonja
 21721 | D:15     | Killed Sonja
 22276 | D:15     | Found a staircase to the Depths.
 22581 | Vaults:1 | Entered Level 1 of the Vaults
 23173 | Vaults:1 | Reached skill level 10 in Dodging
 23608 | Vaults:2 | Found Xiwugigg's Magic Scroll Shoppe.
 23614 | Vaults:2 | Bought a scroll of fear for 56 gold pieces
 23614 | Vaults:2 | Bought a scroll of fog for 32 gold pieces
 23614 | Vaults:2 | Bought a scroll of enchant armour for 120 gold pieces
 23614 | Vaults:2 | Bought a scroll of teleportation for 48 gold pieces
 23614 | Vaults:2 | Bought a scroll of teleportation for 48 gold pieces
 23942 | Vaults:2 | Reached XP level 19. HP: 136/188 MP: 10/10
 24203 | Vaults:2 | Found a staircase to the Crypt.
 24291 | Vaults:2 | Reached skill level 16 in Fighting
 25291 | Vaults:3 | Reached skill level 15 in Armour
 25414 | Vaults:3 | Got a shimmering granite ring
 25765 | Vaults:4 | Noticed Donald
 25781 | Vaults:4 | Killed Donald
 25803 | Vaults:4 | Reached skill level 17 in Fighting
 26010 | Vaults:4 | Reached XP level 20. HP: 201/201 MP: 11/11
 26148 | Vaults:4 | Found Hurruro's Book Boutique.
 26607 | Vaults:4 | Reached skill level 18 in Fighting
 26994 | Vaults:5 | Entered Level 5 of the Vaults
 26996 | Vaults:5 | Identified the ring of Ipteg {-Tele rC++ MP+9 Dex+3} (You took it off a yaktaur on level 3 of the Vaults)
 27086 | Vaults:5 | Noticed an ancient lich
 27089 | Vaults:5 | Noticed an ancient lich
 27120 | Vaults:5 | Got a silver rune of Zot
 27268 | Vaults:5 | Reached XP level 21. HP: 214/214 MP: 11/11
 27316 | Vaults:5 | Reached skill level 19 in Fighting
 27346 | Vaults:5 | Killed an ancient lich
 27696 | Depths:1 | Entered Level 1 of the Depths
 27698 | Depths:1 | Noticed Saint Roka
 27766 | Depths:1 | Killed Saint Roka
 27825 | Depths:1 | Noticed Mara
 27827 | Depths:1 | Reached skill level 15 in Dodging
 27860 | Depths:1 | Noticed FastMan's illusion
 27881 | Depths:1 | Noticed FastMan's illusion
 27967 | Depths:2 | Found a glowing golden altar of the Shining One.
 28335 | Depths:3 | Reached skill level 20 in Fighting
 28475 | Depths:3 | Noticed Boris
 28503 | Depths:3 | Killed Boris
 28503 | Depths:3 | Reached XP level 22. HP: 227/228 MP: 12/12
 29069 | Depths:3 | Found a one-way gate leading to the halls of Pandemonium.
 29202 | Depths:3 | Noticed Frederick
 29238 | Depths:3 | Killed Frederick
 29312 | Depths:4 | Noticed a golden dragon
 29325 | Depths:4 | Killed a golden dragon
 29456 | Depths:4 | Found Minofet's Antique Armour Shop.
 29464 | Depths:4 | Bought a glowing cloak for 352 gold pieces
 29481 | Depths:4 | Found a gateway to a ziggurat.
 29779 | Depths:4 | Found a one-way gate to the infinite horrors of the Abyss.
 29791 | Depths:4 | Found a gateway to Hell.
 29800 | Depths:4 | Noticed Louise
 29811 | Depths:4 | Killed Louise
 29811 | Depths:4 | Reached skill level 21 in Fighting
 29823 | Depths:5 | Entered Level 5 of the Depths
 29888 | Depths:5 | Noticed Sojobo
 29923 | Depths:5 | Killed Sojobo
 29959 | Depths:5 | Found Dabon's Assorted Antiques.
 30003 | Depths:5 | Bought a scroll labeled MANNIO AJUUWO for 40 gold pieces
 30067 | Depths:5 | Found Joyr Tetz's Food Boutique.
 30247 | Depths:5 | Found Loiteroepn's Distillery.
 30271 | Depths:5 | Bought a potion of heal wounds for 65 gold pieces
 30271 | Depths:5 | Bought a potion of cancellation for 104 gold pieces
 30271 | Depths:5 | Bought a potion of ambrosia for 104 gold pieces
 30332 | Depths:5 | Reached XP level 23. HP: 240/240 MP: 13/13
 30337 | Depths:5 | Found Minteor's Antique Weapon Shop.
 30474 | Depths:5 | Found Sutiacs's Gadget Emporium.
 30549 | Depths:5 | Found a gate to the Realm of Zot.
 30891 | Zot:1    | Entered Level 1 of the Realm of Zot
 30901 | Zot:2    | Noticed an orb of fire
 30904 | Zot:2    | Gained mutation: You are occasionally teleported next to monsters. [an orb of fire]
 30923 | Zot:2    | Gained mutation: Your magical capacity is low. (-10% MP) [an orb of fire]
 30927 | Zot:2    | Killed an orb of fire
 30974 | Zot:2    | Lost mutation: You are occasionally teleported next to monsters. [potion of mutation]
 30974 | Zot:2    | Lost mutation: Your magical capacity is low. (-10% MP) [potion of mutation]
 30974 | Zot:2    | Gained mutation: You have a pair of small antennae on your head. [potion of mutation]
 30974 | Zot:2    | Gained mutation: Your flesh is cold resistant. (rC+) [potion of mutation]
 31058 | Zot:3    | Noticed an orb of fire
 31076 | Zot:3    | Gained mutation: You tend to lose your temper in combat. [an orb of fire]
 31087 | Zot:3    | Gained mutation: Scrolls take you a little longer to read. [an orb of fire]
 31089 | Zot:3    | Killed an orb of fire
 31153 | Zot:4    | Reached skill level 22 in Fighting
 31470 | Zot:4    | Lost mutation: You tend to lose your temper in combat. [potion of mutation]
 31470 | Zot:4    | Lost mutation: Scrolls take you a little longer to read. [potion of mutation]
 31470 | Zot:4    | Lost mutation: You have a pair of small antennae on your head. [potion of mutation]
 31470 | Zot:4    | Lost mutation: Your flesh is cold resistant. (rC+) [potion of mutation]
 31470 | Zot:4    | Gained mutation: Your spells are a little easier to cast, but a little less powerful. [potion of mutation]
 31470 | Zot:4    | Gained mutation: You have a pair of small horns on your head. [potion of mutation]
 31470 | Zot:4    | Gained mutation: Your mind is acute. (Int +2) [potion of mutation]
 31477 | Zot:4    | Noticed a curse toe
 31482 | Zot:4    | Killed a curse toe
 31577 | Zot:4    | Found Quseec's Changing Room.
 31599 | Zot:4    | Bought a potion of mutation for 112 gold pieces
 31860 | Zot:4    | Noticed an ancient lich
 31880 | Zot:4    | Cast into level 5 of the Abyss (an ancient lich)
 31880 | Abyss:5  | Entered Level 5 of the Abyss
 31916 | Zot:4    | Escaped the Abyss
 31928 | Zot:4    | Killed an ancient lich
 31928 | Zot:4    | Reached XP level 24. HP: 254/254 MP: 12/12
 31950 | Zot:4    | Noticed an ancient lich
 31976 | Zot:4    | Killed an ancient lich
 32010 | Zot:5    | Entered Level 5 of the Realm of Zot
 32106 | Zot:5    | Noticed an orb of fire
 32106 | Zot:5    | Gained mutation: You are clumsy. (Dex -2) [an orb of fire]
 32108 | Zot:5    | Gained mutation: You expend magic power (3 MP) to strengthen your wands. [an orb of fire]
 32118 | Zot:5    | Gained mutation: Your body sometimes deteriorates upon taking damage. [an orb of fire]
 32127 | Zot:5    | Gained mutation: Armour fits poorly on your strangely shaped body. [an orb of fire]
 32129 | Zot:5    | Killed an orb of fire
 32140 | Zot:5    | Lost mutation: Your body sometimes deteriorates upon taking damage. [potion of mutation]
 32140 | Zot:5    | Lost mutation: Armour fits poorly on your strangely shaped body. [potion of mutation]
 32140 | Zot:5    | Lost mutation: Your mind is acute. (Int +2) [potion of mutation]
 32140 | Zot:5    | Lost mutation: You expend magic power (3 MP) to strengthen your wands. [potion of mutation]
 32140 | Zot:5    | Lost mutation: You have a pair of small horns on your head. [potion of mutation]
 32140 | Zot:5    | Lost mutation: You are clumsy. (Dex -2) [potion of mutation]
 32140 | Zot:5    | Gained mutation: Your mind is acute. (Int +2) [potion of mutation]
 32140 | Zot:5    | Gained mutation: You have an increased reservoir of magic. (+10% MP) [potion of mutation]
 32140 | Zot:5    | Gained mutation: You are somewhat resistant to further mutation. [potion of mutation]
 32522 | Zot:5    | Reached skill level 23 in Fighting
 32706 | Zot:5    | Noticed an orb of fire
 32708 | Zot:5    | Noticed an orb of fire
 32721 | Zot:5    | Lost mutation: Your mind is acute. (Int +2) [an orb of fire]
 32726 | Zot:5    | Noticed an orb of fire
 32726 | Zot:5    | Killed an orb of fire
 32730 | Zot:5    | HP: 12/256 [orb of fire/fireball (29)]
 32738 | Zot:5    | Lost mutation: You have an increased reservoir of magic. (+10% MP) [an orb of fire]
 32739 | Zot:5    | Gained mutation: You are dopey. (Int -2) [an orb of fire]
 32740 | Zot:5    | Killed an orb of fire
 32744 | Zot:5    | Killed an orb of fire
 32748 | Zot:5    | Noticed an ancient lich
 32758 | Zot:5    | Noticed an orb of fire
 32772 | Zot:5    | Killed an ancient lich
 32802 | Zot:5    | Gained mutation: Your magical capacity is low. (-10% MP) [an orb of fire]
 32811 | Zot:5    | Noticed an ancient lich
 32832 | Zot:5    | Killed from afar by an orb of fire

Vault maps used:
D:1:      dpeg_arrival_signposts
D:2:      nicolae_overflow_hidden_temple, ashenzari_conservatory_becter,
          nicolae_ru_awakened_eye, uniq_jessica
D:3:      gammafunk_temple_overflow_forgotten, first_bread, uniq_sigmund
D:4:      nicolae_overflow_crystal_walls, uniq_duvessa, uniq_robin
D:5:      lemuel_coloured_pillars_altar, fedhas_altar_2, uniq_prince_ribbit1,
          uniq_pikel, uniq_menkaure, uniq_grinder, uniq_crazy_yiuf_cottage
D:6:      temple_pool_b, basic_altar
D:7:      minmay_klotski, grunt_qazlal_sundering, serial_shops, shop,
          the_bakery, evilmike_ruin_ashenzari
D:9:      uniq_erica
D:10:     cheibrodos_shockbox, grunt_lair_entry_orc_guard_hut
D:11:     david_orc_1_choice
D:12:     cheibrodos_barr_body, jmf_multi_god_temple2
D:13:     david_vaults_1, serial_shops, shop, trove_entry_hex_spiral,
          lab_entry_generic
D:14:     minmay_ambush_box, corexii_corridor_pit, serial_column_ruins,
          column_ruins_open_tiny, column_ruins_grid_2, column_ruins_open_large,
          column_ruins_grid_4, uniq_urug
D:15:     gammafunk_enter_depths_forms, basic_altar,
          nicolae_dithmenos_the_darkroom, uniq_sonja
Lair:1:   grunt_megastairs_3, serial_bayou_shore_b, minmay_lair_oklob_chamber,
          lemuel_fruit_fields, serial_bayou_shore_a, uniq_grum
Lair:2:   elwin_shoals_entry_stream, spider_nest_entry_webs,
          infiniplex_staircase_pool, lemuel_fruit_tree
Lair:3:   serial_forest, infiniplex_forest_lined_2,
          infiniplex_forest_clump_medium, infiniplex_forest_lined_room_2,
          infiniplex_forest_straight_4, infiniplex_forest_lined_4_way,
          infiniplex_forest_lined_room_2
Lair:4:   grunt_megastairs_5, uniq_harold
Lair:6:   due_jungle_book, minmay_slime_entry_jelly_boxes, guppyfry_lair_drakes,
          uniq_josephine
Shoals:1: serial_shops, nicolae_shop_statue_plus, nicolae_shop_stone,
          nicolae_shop_overgrown_old_shop, nicolae_shop_behind_doors,
          nicolae_shop_waterfront, nicolae_shoals_dead_sea_scrolls
Shoals:2: nicolae_shoals_water_elemental_grotto
Shoals:3: nicolae_shoals_seven_spires, nicolae_shoals_kraken_intersection
Shoals:4: shoals_end_grunt_garden, shoal_ilsuiw
Spider:2: uniq_arachne
Spider:3: portal_ice_cave_entry_ice_statue_two, uniq_kirke
Spider:4: guppyfry_spider_rune
Vaults:1: ontoclasm_vaults_ligature, hangedman_vaults_stitches, v_misc_2,
          ontoclasm_vaults_twist, nicolae_vaults_what_the_h,
          vaults_dpeg_diagonal
Vaults:2: minmay_crypt_entry_simple_statues, ontoclasm_vaults_spin, v_misc_1,
          vaults_room_pool, vaults_room_hallway, serial_shops,
          nicolae_shop_waterfront
Vaults:3: nicolae_vaults_little_ls, vaults_standard_mumra_x,
          nicolae_vaults_twisting_passages, nicolae_vaults_angled_halls,
          nicolae_vaults_little_squares_6, v_misc_11, v_pattern_4,
          nicolae_vaults_little_squares_5, v_misc_11, v_misc_13,
          hangedman_vaults_variations, v_misc_25, vaults_room_door_ring,
          nicolae_vaults_circle_grid_a, nicolae_vaults_little_squares_1
Vaults:4: hangedman_vaults_slice, v_misc_28, hangedman_vaults_corner,
          nicolae_vaults_rhombus_5, nicolae_vaults_little_squares_3,
          nicolae_vaults_diagonal_hallway_7, dpeg_vaults_monster_box,
          hangedman_vaults_restitches, v_rooms_2, vaults_room_pool,
          serial_shops, nicolae_shop_behind_doors, uniq_donald
Depths:1: abyss_entry, hell_entry, minmay_crystal_box, uniq_saint_roka,
          uniq_mara
Depths:2: evilmike_inaccessible_box, tso_metal_star, hell_entry,
          nemelex_diamond_rough_becter, infiniplex_staircase_pool_lava,
          uniq_bai_suzhen
Depths:3: cell_vault, pan_entry, hell_entry, due_unseen_surprise,
          grunt_megastairs_4, infiniplex_staircase_zigzag_4, uniq_frederick,
          uniq_boris, uniq_xtahua
Depths:4: minmay_nested_s, enter_ziggurat_d, serial_shops, shop, hell_entry,
          nicolae_abyss_entry_one_way_or_another, hangedman_decor_lopped,
          minmay_statues_item
Depths:5: grunt_zot_entry_bicorn, columned_hall_lemuel, serial_shops,
          nicolae_shop_waterfront, shop, nicolae_shop_stone, shop, shop_statue,
          hell_entry, uniq_sojobo
Zot:1:    lemuel_baited_zot_trap
Zot:3:    lemuel_draconian_sentries, st_small_dragon_hoard_4
Zot:4:    hangedman_zot_vaults_quadrants, st_stairs_9,
          nicolae_transmutations_shop
Zot:5:    st_stairs_4, grunt_ministairs_15
Abyss:5:  hangedman_abyss_rune_flesh_and_stone, minivault_1

Skill      XL: |  1  2  3  4  5  6  7  8  9 10 11 12 13 14 15 16 17 18 19 20 21 22 23 24 |
---------------+-------------------------------------------------------------------------+-----
Fighting       | 3 4 5 6 8 9 10 11 12 13 14 15 17 18 20 21 22 23 | 23.5
Axes           | 3 4 5 6 8 10 12 13 15 16 17 18 | 18.3
Invocations    | 4 6 7 9 11 12 13 | 13.5
Armour         | 5 7 9 10 11 12 13 14 15 16 17 18 20 | 20.8
Shields        | 6 9 12 13 15 | 15.0
Dodging        | 3 6 10 12 14 15 16 18 19 | 19.0

Action                   |  1- 3 |  4- 6 |  7- 9 | 10-12 | 13-15 | 16-18 | 19-21 | 22-24 || total
-------------------------+-------+-------+-------+-------+-------+-------+-------+-------++-------
Melee: War axe           |    81 |    87 |   316 |   490 |       |       |       |       ||   974
       Hand axe          |       |       |       |   185 |       |       |       |       ||   185
       Broad axe         |       |       |       |    85 |  1023 |   999 |  1325 |  1286 ||  4718
       Headbutt          |       |       |       |       |       |       |       |    62 ||    62
Invok: Lesser Servant of |       |       |       |       |    57 |     4 |       |       ||    61
       Minor Destruction |       |       |       |       |     3 |       |       |       ||     3
 Abil: Heal Wounds       |       |     5 |    20 |     6 |    43 |    14 |     7 |    39 ||   134
       Stop Flying       |       |       |       |       |       |       |     1 |       ||     1
       Evoke Flight      |       |       |       |       |       |       |       |     1 ||     1
  Use: Potion            |     1 |     4 |     1 |       |    11 |     6 |     9 |    17 ||    49
       Scroll            |       |       |    19 |     8 |    15 |     6 |    10 |    14 ||    72
 Stab: Confused          |       |       |       |     1 |       |       |       |     4 ||     5
       Distracted        |       |       |       |       |    10 |     2 |     1 |     2 ||    15
       Invisible         |       |       |       |       |     3 |       |    13 |       ||    16
  Eat: Chunk             |       |     3 |     7 |    14 |    12 |    19 |    12 |    14 ||    81
       Bread ration      |       |       |     1 |       |     3 |     1 |     1 |     2 ||     8
Armor: Scale mail        |    29 |       |       |       |       |       |       |       ||    29
       Chain mail        |       |    51 |    94 |       |       |       |       |       ||   145
       Plate armour      |       |       |   112 |   392 |   885 |   412 |   519 |   717 ||  3037
       Skin              |       |       |       |       |     4 |       |       |       ||     4
Dodge: Dodged            |    30 |    37 |    85 |   156 |   280 |   266 |   565 |   868 ||  2287
Block: Shield            |    20 |       |       |   116 |   890 |   626 |   848 |  1044 ||  3544
       Buckler           |    12 |    16 |    50 |    83 |       |       |       |       ||   161
       Reflection        |       |       |       |       |     7 |    49 |       |       ||    56
